Map: Acid Plant LE

Players

Serral - Winner!

  • Race: Zerg Zerg
  • Spawn Location: 5:00

ShoWTimE

  • Race: Protoss Protoss
  • Spawn Location: 11:00

Event: WCS Leipzig 2018

VOD

Have the link to the VOD?

Description

Time

  • Played on: Jan. 28, 2018, 10:09 a.m.
  • Length: 13:45

All games in this series

Show
View Real Time Build Order
Export as new Build Order

Serral Zerg - Winner!

Build Orders: Hatch First, Lurkers 

Get SALT Encoding   

  12  0:00  Drone  
  13  0:13  Overlord  
  13  0:19  Drone  
  14  0:31  Drone x2  
  16  0:49  Hatchery  
  15  0:51  Drone  
  15  0:55  Drone  
  17  1:00  Drone  
  18  1:09  Extractor  
  17  1:14  Spawning Pool  
  17  1:17  Drone  
  17  1:21  Drone  
  18  1:29  Drone  
  19  1:39  Overlord  
  19  1:52  Drone  
  20  2:02  Zergling x4, Queen  
  20  2:04  Queen  
  26  2:09  Metabolic Boost  
  26  2:12  Drone  
  26  2:15  Drone  
  28  2:23  Drone x2  
  30  2:40  Hatchery  
  29  2:47  Drone  
  29  2:49  Pneumatized Carapace  
  30  2:52  Drone  
  30  2:56  Overlord  
  31  2:59  Drone  
  32  3:06  Drone x2  
  32  3:08  Zergling x2  
  32  3:09  Drone  
  36  3:14  Queen  
  36  3:17  Drone  
  36  3:19  Drone  
  40  3:23  Drone  
  40  3:26  Drone x2  
  43  3:34  Spore Crawler  
  43  3:35  Drone  
  43  3:39  Spore Crawler  
  42  3:41  Overlord  
  42  3:43  Drone x2  
  44  3:51  Overlord  
  44  3:53  Queen  
  44  3:54  Drone  
  47  3:57  Drone x2  
  47  3:59  Drone  
  50  4:03  Drone x2  
  50  4:08  Drone x3  
  55  4:13  Queen  
  57  4:18  Overlord  
  57  4:20  Spore Crawler  
  57  4:21  Drone  
  57  4:23  Drone  
  58  4:29  Lair  
  58  4:31  Overlord  
  58  4:33  Extractor  
  58  4:35  Roach Warren  
  58  4:37  Drone  
  57  4:38  Drone  
  57  4:40  Drone x2  
  57  4:42  Drone  
  57  4:43  Drone  
  57  4:45  Drone  
  63  4:46  Drone  
  63  4:47  Drone  
  63  4:48  Drone  
  63  4:49  Drone  
  63  4:51  Drone  
  68  4:54  Overlord  
  68  4:55  Drone, Extractor  
  68  4:58  Overlord  
  66  5:11  Zergling x4, Evolution Chamber  
  66  5:12  Zergling x6  
  69  5:16  Roach x5  
  79  5:21  Roach x3  
  85  5:30  Roach  
  85  5:31  Glial Reconstitution  
  85  5:33  Roach x2  
  85  5:34  Overlord  
  85  5:35  Overlord x2  
  89  5:38  Extractor x2  
  87  5:43  Roach  
  87  5:44  Overlord  
  87  5:47  Ravager, Overlord  
  88  5:53  Roach x6  
  100  6:02  Roach x4  
  106  6:13  Roach x6  
  112  6:23  Roach x4  
  116  6:26  Drone x3  
  116  6:29  Drone  
  120  6:42  Drone x4  
  120  6:44  Drone  
  120  6:45  Drone x2  
  120  6:46  Hatchery  
  124  6:54  Drone  
  124  6:55  Hydralisk Den  
  124  6:56  Extractor  
  124  6:57  Drone x3  
  124  6:59  Overlord  
  126  7:05  Drone x6  
  130  7:08  Drone x3  
  130  7:15  Drone x2  
  121  7:31  Muscular Augments  
  121  7:34  Hydralisk x7, Lurker Den  
  133  7:39  Hydralisk  
  133  7:41  Hydralisk  
  134  7:44  Hydralisk x2  
  134  7:47  Roach  
  136  7:52  Zerg Missile Weapons Level 1  
  136  7:56  Hydralisk x2  
  136  7:57  Hydralisk x2  
  136  7:58  Overlord  
  136  7:59  Overlord x2  
  136  8:01  Overlord  
  136  8:05  Ravager, Overlord  
  125  8:10  Hydralisk x2  
  122  8:13  Hydralisk  
  122  8:14  Roach, Hydralisk  
  122  8:15  Roach  
  122  8:17  Drone x2  
  124  8:20  Extractor  
  124  8:22  Queen  
  124  8:24  Drone x3  
  128  8:33  Roach  
  128  8:34  Roach x5  
  140  8:39  Hydralisk  
  140  8:40  Roach  
  140  8:41  Roach x2  
  148  8:44  Overseer  
  148  8:47  Hydralisk  
  148  8:48  Roach x3  
  156  8:50  Overlord  
  156  8:54  Drone, Extractor  
  156  8:55  Drone x2  
  158  9:03  Lurker  
  158  9:04  Lurker x4  
  158  9:06  Lurker  
  158  9:09  Overlord  
  164  9:14  Roach x4  
  172  9:23  Hatchery, Roach x6  
  183  9:28  Overlord  
  183  9:29  Overlord  
  183  9:33  Roach x4  
  191  9:49  Roach x4  
  193  10:01  Hydralisk x2  
  193  10:06  Roach  
  193  10:07  Roach x4, Zerg Missile Weapons Level 2  
  185  10:22  Hydralisk  
  185  10:23  Hydralisk x6  
  185  10:24  Roach  
  195  10:33  Roach x7  
  186  10:37  Roach x8  
  183  10:46  Drone x2  
  183  10:47  Infestation Pit  
  178  10:53  Lurker  
  178  10:55  Lurker x4  
  178  10:56  Lurker  
  184  11:00  Zergling x2, Hydralisk x2  
  184  11:01  Zergling x6  
  184  11:02  Zergling x16  
  200  11:27  Hive  
  192  11:33  Hydralisk x4  
  188  11:48  Hydralisk x11  
  188  11:49  Roach  
  188  11:50  Zergling x2  
  188  11:51  Zergling x6  
  188  11:53  Queen  
  190  11:58  Hydralisk x4  
  190  11:59  Roach x2  
  162  12:03  Hydralisk x2  
  162  12:04  Hydralisk  
  162  12:05  Zergling x4  
  160  12:14  Zergling x10  
  160  12:15  Lurker x2  
  165  12:25  Hydralisk x2  
  165  12:26  Hydralisk x2  
  165  12:27  Roach x4  
  181  12:39  Lurker x2  
  181  12:40  Hydralisk  
  181  12:41  Zergling x24  
  195  13:04  Hydralisk  
  195  13:05  Zergling x2, Hydralisk  
  198  13:06  Hatchery  
  198  13:11  Evolution Chamber  
  197  13:13  Drone x2  
Show
View Real Time Build Order
Export as new Build Order

ShoWTimE Protoss 

Build Orders: 1 Gate Expand, Oracle Opening, Phoenix Opening, Archon Immortal, Zealot Archon, Archon Drop 

Get SALT Encoding   

  12  0:00  Probe  
  13  0:12  Probe  
  14  0:18  Pylon  
  14  0:24  Probe  
  15  0:37  Probe (Chrono Boost)  
  16  0:46  Probe (Chrono Boost), Gateway  
  16  0:47  Assimilator  
  17  0:51  Probe (Chrono Boost)  
  18  1:03  Probe  
  19  1:15  Probe  
  20  1:24  Nexus  
  20  1:35  Cybernetics Core  
  20  1:38  Probe  
  21  1:44  Assimilator  
  21  1:50  Probe  
  21  1:52  Pylon  
  22  2:02  Probe  
  23  2:11  Adept  
  23  2:15  Probe  
  26  2:16  Stargate  
  26  2:24  Warp Gate  
  26  2:27  Probe (Chrono Boost)  
  29  2:38  Probe (Chrono Boost)  
  29  2:39  Probe (Chrono Boost)  
  29  2:40  Adept  
  31  2:46  Probe x2 (Chrono Boost)  
  31  2:51  Probe (Chrono Boost)  
  33  2:55  Probe (Chrono Boost)  
  35  3:01  Oracle (Chrono Boost)  
  35  3:03  Probe (Chrono Boost)  
  40  3:10  Probe x2 (Chrono Boost), Pylon  
  41  3:17  Probe  
  41  3:18  Probe  
  43  3:25  Gateway  
  43  3:29  Probe (Chrono Boost), Phoenix (Chrono Boost)  
  43  3:31  Probe (Chrono Boost)  
  43  3:33  Adept  
  49  3:39  Pylon  
  49  3:43  Probe (Chrono Boost)  
  49  3:44  Assimilator  
  49  3:47  Probe (Chrono Boost)  
  49  3:48  Assimilator  
  51  3:51  Probe (Chrono Boost)  
  51  3:54  Probe (Chrono Boost)  
  53  3:57  Probe  
  53  3:59  Twilight Council  
  54  4:05  Probe  
  54  4:09  Probe, Robotics Facility  
  56  4:16  Gateway  
  56  4:19  Gateway  
  56  4:26  Gateway  
  56  4:28  Gateway  
  56  4:31  Charge (Chrono Boost)  
  56  4:38  Templar Archives  
  56  4:42  Zealot x2  
  60  4:47  Pylon  
  60  4:51  Pylon  
  60  4:54  Warp Prism (Chrono Boost)  
  62  5:12  Nexus  
  62  5:20  High Templar  
  62  5:21  High Templar, Zealot  
  66  5:22  Zealot  
  66  5:26  High Templar, Pylon, Archon  
  66  5:27  High Templar  
  74  5:30  Probe x2  
  74  5:31  Archon  
  74  5:34  Pylon  
  76  5:38  Observer  
  76  5:42  Probe  
  78  5:44  Probe  
  79  5:51  Zealot x2  
  79  5:53  Zealot  
  79  5:54  Zealot  
  79  5:55  Probe  
  79  5:56  Probe  
  89  6:01  Zealot x2  
  93  6:06  Pylon  
  91  6:11  Probe x2  
  87  6:23  Probe  
  87  6:25  Immortal (Chrono Boost)  
  90  6:26  Probe  
  90  6:28  Probe  
  90  6:35  Probe  
  90  6:38  Probe  
  92  6:44  High Templar x2  
  96  6:47  High Templar x2  
  96  6:48  Probe x2  
  96  6:50  Assimilator, Archon  
  96  6:52  Archon  
  96  6:53  Shield Battery, Probe  
  103  6:54  Assimilator  
  103  6:55  Immortal (Chrono Boost)  
  103  7:00  Probe  
  103  7:01  Probe  
  109  7:05  Probe  
  104  7:13  Probe x2  
  104  7:15  Zealot x2  
  106  7:18  Probe  
  106  7:19  Zealot x2  
  106  7:22  Zealot x2  
  107  7:28  Pylon x2  
  96  7:37  Zealot x2  
  98  7:46  Immortal (Chrono Boost)  
  98  7:49  Pylon  
  93  7:52  Pylon  
  93  7:54  Zealot x2  
  87  8:04  Probe x2  
  87  8:05  Probe, Pylon  
  83  8:16  Probe x2 (Chrono Boost)  
  83  8:18  Probe (Chrono Boost)  
  85  8:24  Observer (Chrono Boost)  
  86  8:28  Probe x2 (Chrono Boost)  
  86  8:30  Probe (Chrono Boost)  
  86  8:32  High Templar x3  
  86  8:33  Zealot  
  86  8:34  Zealot x2  
  101  8:35  Probe x2 (Chrono Boost), Pylon  
  101  8:36  Probe (Chrono Boost), Psionic Storm  
  101  8:37  Gateway  
  101  8:39  Gateway, Archon  
  104  8:45  Probe x2  
  104  8:46  Probe  
  107  8:48  Pylon  
  107  8:57  Probe x2  
  107  8:58  Probe  
  110  9:03  High Templar x2  
  110  9:05  Immortal (Chrono Boost)  
  118  9:15  Forge  
  118  9:25  High Templar  
  118  9:30  High Templar  
  122  9:34  Immortal (Chrono Boost)  
  116  9:46  Zealot x3  
  116  9:47  Zealot x3, Protoss Ground Weapons Level 1 (Chrono Boost)  
  126  10:04  Zealot x2, Immortal (Chrono Boost)  
  134  10:10  Zealot  
  134  10:11  Zealot x5  
  137  10:21  Pylon  
  137  10:23  Pylon  
  137  10:24  Pylon  
  133  10:33  Zealot x6  
  133  10:34  Zealot x2  
  133  10:35  Archon x2  
  133  10:41  Immortal  
  125  10:55  High Templar x5  
  135  11:00  High Templar x2  
  135  11:03  Nexus, Photon Cannon  
  139  11:04  Pylon  
  139  11:05  Archon  
  139  11:06  Pylon  
  139  11:08  Pylon  
  139  11:16  Photon Cannon  
  139  11:17  Photon Cannon  
  138  11:20  Immortal  
  140  11:28  Zealot x4  
  140  11:29  Zealot  
  128  11:43  Zealot x3  
  128  11:48  Archon x2  
  128  11:52  Zealot x4  
  115  11:54  Probe x2  
  115  11:55  Probe  
  115  11:59  High Templar  
  102  12:13  High Templar x4  
  109  12:18  Pylon  
  109  12:19  Assimilator  
  109  12:20  Nexus  
  109  12:21  Pylon  
  109  12:29  Pylon  
  109  12:34  High Templar x2  
  109  12:35  Zealot x2  
  117  12:40  Archon  
  117  12:43  Photon Cannon  
  117  12:44  Photon Cannon  
  117  12:47  Zealot x2  
  108  13:01  Zealot x3  
  108  13:02  Zealot  
  114  13:06  Observer (Chrono Boost)  
  114  13:08  Zealot x2  
  114  13:11  High Templar  
  121  13:13  High Templar  
  123  13:25  Zealot x2  
  123  13:26  Archon  
  127  13:30  Archon  
  127  13:31  Zealot x2  
Tags
 
Add a new tag
Caveats
  • Supply blocks, unpowered buildings, or Contaminate may cause inaccurate times.
  • Supply counts are checked every 10 seconds.